 Dungeon Crawl Stone Soup version 0.28-a0-239-g68911e0c57 (webtiles) character file.

Game seed: 7877946109795284874

25 bande the Shield-Bearer (level 3, 0/23 HPs)
             Began as a Gargoyle Fighter on Aug 23, 2021.
             Killed from afar by Natasha (7 damage)
             ... with a magic dart
             ... on level 2 of the Dungeon.
             The game lasted 00:01:19 (1526 turns).

bande the Shield-Bearer (Gargoyle Fighter)          Turns: 1526, Time: 00:01:20

Health: 0/23       AC: 10    Str: 19    XL:     3   Next: 4%
Magic:  3/3        EV:  7    Int:  8    God:
Gold:   35         SH:  9    Dex: 10    Spells: 2/2 levels left

rFire   . . .      SeeInvis .   a - +1 war axe
rCold   . . .      Faith    .   c - +1 kite shield
rNeg    + . .      Spirit   .   b - +0 scale mail
rPois   ∞          Reflect  .   (no helmet)
rElec   +          Harm     .   (no cloak)
rCorr   .          Rampage  .   (no gloves)
Will    .....                   (no boots)
Stlth   ..........              (no amulet)
HPRegen 0.07/turn               (no ring)
MPRegen 0.08/turn               (no ring)

@: slowed, very slow
A: sickness immunity, AC +3, negative energy resistance 1, electricity
resistance, torment resistance 1, petrification resistance
a: no special abilities


You were on level 2 of the Dungeon.
You visited 1 branch of the dungeon, and saw 2 of its levels.

You collected 35 gold pieces.

Inventory:

Hand Weapons
 a - a +1 war axe (weapon)
Armour
 b - a +0 scale mail (worn)
 c - a +1 kite shield (worn)
Scrolls
 e - a scroll of enchant armour
Potions
 d - a potion of might
 h - a potion of attraction {unknown}


   Skills:
 + Level 3.5 Fighting
 + Level 2.4 Axes
 + Level 3.5 Armour
 + Level 3.5 Shields


You had 2 spell levels left.
You didn't know any spells.
Your spell library contained the following spells:

 Spells                   Type           Power      Damage    Failure   Level
 Blink                    Tloc           N/A        N/A       100%        2
 Manifold Assault         Tloc           0%         N/A       100%        5
 Storm Form               Tmut/Air       0%         N/A       100%        7


Dungeon Overview and Level Annotations

Branches:
Dungeon (2/15)

Altars:

Annotations:
D:2 Natasha


Innate Abilities, Weirdness & Mutations

You are immune to sickness and miasma.
Your stone body is resilient. (AC +3)
You are immune to poison.
You resist negative energy. (rN+)
You are resistant to electric shocks. (rElec)
You are resistant to unholy torment.
You are immune to petrification.


Message History

No target in view!
Natasha, Servant of Life and Death comes into view.
Natasha is nearby!
Natasha casts a spell at you.
You feel yourself slow down.
Natasha stares at you and mumbles some strange words.
The magic dart hits you.
You closely miss Natasha. Natasha claws you but does no damage.
You block Natasha's attack.
You hit Natasha.
Natasha is lightly wounded.
Natasha claws you but does no damage. Natasha barely misses you.
Natasha stares at you and mumbles some strange words.
The magic dart hits you but does no damage.
You completely miss Natasha.
Natasha is lightly wounded.
You block Natasha's attack. Natasha claws you.
You closely miss Natasha. Natasha claws you but does no damage.
Natasha claws you.
You barely miss Natasha. Natasha misses you.
Natasha mumbles some strange words. x2
You completely miss Natasha.
Natasha wildly gestures.
Natasha's front paws start to glow.
Natasha claws you but does no damage. Natasha barely misses you.
The crimson imp grinds its teeth.
The crimson imp blinks!
You barely miss Natasha. You block Natasha's attack.
The crimson imp laughs crazily.
The white imp shouts, "Get thee hence, thou beslubbering swag-bellied tiler!"
Natasha claws you but does no damage.
You hit Natasha but do no damage. Natasha barely misses you.
The crimson imp shouts, "Abandon hope, thou peaked weeb-spouting pot-faker!"
You block Natasha's attack. Natasha claws you but does no damage.
You closely miss Natasha. Natasha claws you.
Natasha mewls in sadness.
Natasha claws you but does no damage. Natasha casts a spell at you.
The magic dart hits you!
You die...

#######
#.....#
##.....#
......#
..... .55
#h# #@#
#.##########
#.#........#
#.....####.#
.........#(#
##########.#
#.# #.# #.#


You could see Natasha, a crimson imp (summoned) and a white imp (summoned).

Vanquished Creatures
  3 ball pythons (D:1)
  2 bats (D:1)
  2 endoplasms (D:1)
  A giant cockroach (D:1)
  3 hobgoblins (D:1)
  2 quokkas (D:1)
  4 frilled lizards (D:1)
  3 goblins (D:1)
  A kobold (D:1)
  3 rats
24 creatures vanquished.

Notes
Turn   | Place    | Note
-------+----------+-------------------------------------------
     0 | D:1      | bande the Gargoyle Fighter began the quest for the Orb.
     0 | D:1      | Reached XP level 1. HP: 14/14 MP: 1/1
   529 | D:1      | Reached XP level 2. HP: 15/19 MP: 2/2
  1426 | D:1      | Reached XP level 3. HP: 23/23 MP: 3/3
  1515 | D:2      | Noticed Natasha
  1526 | D:2      | Killed from afar by Natasha

Illustrated notes

Levels and vault maps discovered:
D:1:      wander_arrival_fairy_ring, layout_basic
D:2:      layout_loops_ring, ebering_ecumenical_altar_abandoned,
          roderic_roman_lattice, uniq_natasha

Skill      XL: |  1 |
---------------+----+-----
Axes           | 2 |  2.4
Fighting       | |  3.5
Armour         | |  3.5
Shields        | |  3.5

Action                   || total
-------------------------++-------
Melee: War axe           ||    94
  Use: Scroll            ||     3
Armor: Scale mail        ||    60
Dodge: Dodged            ||    34
Block: Kite shield       ||    43

Table legend: (Time is in decaauts)
 A = Elapsed time spent in this place.
 B = Non-inter-level travel time spent in this place.
 C = Inter-level travel time spent in this place.
 D = Time resting spent in this place.
 E = Time spent auto-exploring this place.
 F = Levels seen in this place.
 G = Mean time per level.
                   A        B        C        D        E       F      G
               +--------+--------+--------+--------+--------+-----+--------+
         Total |   1590 |   1590 |      0 |    334 |   1007 |   2 |  795.0 |
       Dungeon |   1590 |   1590 |      0 |    334 |   1007 |   2 |  795.0 |
               +--------+--------+--------+--------+--------+-----+--------+

Top non-repeatable levels by time:
     D:1: 1508 daAuts
     D:2: 82 daAuts
